 Dungeon Crawl Stone Soup version 0.27-a0-512-g57cc695410 (webtiles) character file.

Game seed: 12514683013997934089

27 siradein the Shooter (level 2, -2/16 HPs)
             Began as a Deep Elf Arcane Marksman on Mar 3, 2021.
             Slain by a worm (11 damage)
             ... on level 2 of the Dungeon.
             The game lasted 00:06:00 (1473 turns).

siradein the Shooter (Deep Elf Arcane Marksman)     Turns: 1473, Time: 00:06:01

Health: -2/16      AC:  3    Str:  7    XL:     2   Next: 93%
Magic:  6/6        EV: 12    Int: 17    God:
Gold:   51         SH:  0    Dex: 15    Spells: 1/4 levels left

rFire    . . .     SeeInvis .   g - +0 dagger
rCold    . . .     Faith    .   (no shield)
rNeg     . . .     Spirit   .   j - +0 leather armour
rPois    .         Reflect  .   (no helmet)
rElec    .         Harm     .   (no cloak)
rCorr    .         Rampage  .   (no gloves)
Will     .....                  (no boots)
Stlth    +.........             (no amulet)
HPRegen  0.05/turn              (no ring)
MPRegen  0.10/turn              (no ring)

@: no status effects
A: no striking features
a: no special abilities


You were on level 2 of the Dungeon.
You visited 1 branch of the dungeon, and saw 2 of its levels.

You collected 51 gold pieces.

Inventory:

Hand Weapons
 a - a +0 shortbow
 g - a +0 dagger (weapon)
Missiles
 d - 9 arrows
Armour
 j - a +0 leather armour (worn)
Jewellery
 i - a ring of ice
Scrolls
 c - 2 scrolls of amnesia {unknown}
 f - a scroll of teleportation {unknown}
Potions
 b - a potion of flight {unknown}
 h - a potion of haste {unknown}


   Skills:
 - Level 0.7 Fighting
 + Level 4.7 Bows
 - Level 2.4 Dodging
 - Level 1.5 Spellcasting
 - Level 4.0 Hexes


You had one spell level left.
You knew the following spells:

 Your Spells              Type           Power        Failure   Level
a - Corona                Hex            15%          6%          1
b - Slow                  Hex            14%          9%          2

Your spell library contained the following spells:

 Spells                   Type           Power        Failure   Level
 Inner Flame              Hex/Fire       8%           38%         3
 Portal Projectile        Hex/Tloc       16%          38%         3
 Cause Fear               Hex            7%           52%         4
 Leda's Liquefaction      Hex/Erth       4%           80%         4


Dungeon Overview and Level Annotations

Branches:
Dungeon (2/15)

Altars:


Message History

Aim: a worm (heavily wounded, softly glowing, 97% to hit)
You shoot an arrow. The arrow hits the worm.
The worm is severely wounded.
Fire: 12 arrows
Press: ? - help, Q - select action, (/) - cycle Shift-Dir - straight line, f/p - worm
Aim: a worm (severely wounded, softly glowing, 97% to hit)
You shoot an arrow.
The arrow hits the worm but does no damage.
The worm is severely wounded.
The worm bites you.
A quokka comes into view.
A frilled lizard and a jackal come into view.
The jackal barks!
The frilled lizard hisses angrily.
Fire: 11 arrows
Press: ? - help, Q - select action, (/) - cycle Shift-Dir - straight line, f/p - worm
Aim: a worm (heavily wounded, softly glowing, 97% to hit)
You shoot an arrow. The arrow completely misses the worm.
The worm stops glowing.
A jackal comes into view.
Fire: 10 arrows
Press: ? - help, Q - select action, (/) - cycle Shift-Dir - straight line, f/p - worm
Aim: a worm (heavily wounded, 79% to hit)
You shoot an arrow. The jackal barks!
The arrow hits the worm!
The worm is almost dead.
The quokka barely misses you.
g - a +0 dagger (weapon)
You barely miss the worm.
The worm is almost dead.
The quokka closely misses you.
A giant cockroach comes into view.
The worm bites you but does no damage. The quokka bites you.
Your leather armour prevents you from hitting the worm.
The worm is almost dead.
The jackal barely misses you. The jackal bites you.
The quokka bites you but does no damage.
The worm bites you!
Ouch! That really hurt!
You die...

################
.......hw(....(#
......hr@..(<..#
...(...l.......#
.............(.#
..............(#
..............(#
...............#
..B............#
..........#####


You could see a worm, a quokka, 2 jackals, a giant cockroach (wandering) and a
frilled lizard.

Vanquished Creatures
  A dart slug (D:1)
  A leopard gecko (D:1)
  2 bats (D:1)
  2 giant cockroaches (D:1)
  3 goblins (D:1)
  2 hobgoblins (D:1)
  A ball python (D:1)
  3 frilled lizards (D:1)
  4 kobolds (D:1)
  6 rats (D:1)
25 creatures vanquished.

Notes
Turn   | Place    | Note
-------+----------+-------------------------------------------
     0 | D:1      | siradein the Deep Elf Arcane Marksman began the quest for
                  | the Orb.
     0 | D:1      | Reached XP level 1. HP: 11/11 MP: 5/5
   277 | D:1      | Reached XP level 2. HP: 16/16 MP: 6/6
   351 | D:1      | Learned a level 2 spell: Slow
  1473 | D:2      | Slain by a worm

Illustrated notes

Levels and vault maps discovered:
D:1:      dpeg_arrival_tiny_f, layout_loops_ring
D:2:      layout_rooms, st_stairs_1, roderic_lattice_a, minmay_pentomino_z2,
          uniq_robin

Skill      XL: |  1  2 |
---------------+-------+-----
Bows           | 3 4 |  4.7
Fighting       | |  0.7
Dodging        | |  2.4
Spellcasting   | |  1.5
Hexes          | |  4.0

Action                   || total
-------------------------++-------
Melee: Dagger            ||    67
 Fire: Shortbow          ||    35
 Cast: Corona            ||    20
Armor: Robe              ||     8
       Leather armour    ||    17
Dodge: Dodged            ||    50

Table legend: (Time is in decaauts)
 A = Elapsed time spent in this place.
 B = Non-inter-level travel time spent in this place.
 C = Inter-level travel time spent in this place.
 D = Time resting spent in this place.
 E = Time spent auto-exploring this place.
 F = Levels seen in this place.
 G = Mean time per level.
                   A        B        C        D        E       F      G
               +--------+--------+--------+--------+--------+-----+--------+
         Total |   1475 |   1447 |     28 |      0 |   1102 |   2 |  737.5 |
       Dungeon |   1475 |   1447 |     28 |      0 |   1102 |   2 |  737.5 |
               +--------+--------+--------+--------+--------+-----+--------+

Top non-repeatable levels by time:
     D:1: 1458 daAuts
     D:2: 17 daAuts
